 Dungeon Crawl Stone Soup version 0.24-a0-375-g4de66ed42b (console) character file.

Game seed: 15986324688081386904

16765 Lexodia the Grappler (level 12, -1/105 HPs)
             Began as a Troll Fighter on May 31, 2019.
             Was a High Priest of Okawaru.
             Slain by a yak (9 damage)
             ... on level 12 of the Dungeon.
             The game lasted 00:29:42 (9690 turns).

Lexodia the Grappler (Troll Fighter)                Turns: 9690, Time: 00:29:43

Health: -1/105     AC:  5    Str: 30    XL:     12   Next: 12%
Magic:  11/11      EV: 10    Int:  7    God:    Okawaru [*****.]
Gold:   652        SH: 14    Dex: 10    Spells: 10/11 levels left

rFire    . . .     SeeInvis .     - Unarmed
rCold    + . .     Gourm    +   b - +2 shield
rNeg     + + +     Faith    .   G - +0 troll leather armour
rPois    +         Spirit   .   K - -2 hat of Gluttony {rElec rPois rC- rN+++}
rElec    +         Reflect  .   s - +0 cloak
rCorr    .         Harm     .   (gloves unavailable)
MR       .....                  (boots unavailable)
Stlth    +.........             (no amulet)
HPRegen  1.07/turn              y - +3 ring of intelligence
MPRegen  0.12/turn              r - ring of protection from cold

@: about to teleport, slightly contaminated
A: large, unfitting armour, claws 3, horns 1, cold resistance 1, deformed body,
fast metabolism 3, gourmand, regeneration 1, shaggy fur 1, tough skin 3
a: Heroism, Finesse, Renounce Religion


You were on level 12 of the Dungeon.
You worshipped Okawaru.
Okawaru was extremely pleased with you.
You were very full.

You visited 1 branch of the dungeon, and saw 12 of its levels.

You collected 652 gold pieces.

Inventory:

Missiles
 h - 384 stones
 j - 6 throwing nets
 A - 12 silver javelins
 J - 2 boomerangs (quivered)
 M - 8 large rocks
Armour
 b - a +2 shield (worn)
 s - a +0 cloak (worn)
 G - a +0 troll leather armour (worn)
 K - the -2 hat of Gluttony (worn) {rElec rPois rC- rN+++}
   (Okawaru gifted it to you on level 11 of the Dungeon)

   It makes you vulnerable to cold.
   It insulates you from electricity.
   It protects you from poison.
   It renders you almost immune to negative energy.
 O - the +2 robe of Complete Protection {*Contam Str+4}
   (Okawaru gifted it to you on level 12 of the Dungeon)

   It affects your strength (+4).
   It causes magical contamination when unequipped.
Jewellery
 n - an uncursed ring of wizardry
 r - a ring of protection from cold (right claw)
 u - an uncursed ring of flight
 v - an uncursed ring of positive energy
 y - a +3 ring of intelligence (left claw)
Wands
 l - a wand of polymorph (5)
 m - a wand of random effects (16)
 t - a wand of flame (16)
 D - a wand of iceblast (13)
Scrolls
 f - 2 scrolls of fog
 g - a scroll of fear
 i - a scroll of amnesia
 k - 2 scrolls of enchant armour
 q - 3 scrolls of remove curse
 z - a scroll of enchant weapon
 C - a scroll of blinking
 H - a scroll of identify
 I - a scroll of teleportation
Potions
 a - 2 potions of invisibility {unknown}
 c - 4 potions of might
 e - 4 potions of lignification
 o - a potion of brilliance
 p - 7 potions of curing
 x - 2 potions of haste
 B - a potion of flight
 E - a potion of agility
 F - 3 potions of heal wounds {unknown}
 L - a potion of magic {unknown}
Miscellaneous
 w - a sack of spiders
 N - a phantom mirror
Comestibles
 d - 34 rations


   Skills:
 + Level 3.3 Fighting
 + Level 10.5 Throwing
 - Level 2.0 Armour
 - Level 3.0 Dodging
 - Level 1.0 Stealth
 - Level 9.0 Shields
 + Level 11.6 Unarmed Combat
 + Level 1.4 Hexes


You had 10 spell levels left.
You knew the following spells:

 Your Spells              Type           Power        Failure   Level  Hunger
a - Confusing Touch       Hex            #.....       28%         1    ##.....

Your spell library contained the following spells:

 Spells                   Type           Power        Failure   Level  Hunger
 Beastly Appendage        Tmut           #.....       45%         1    ##.....
 Shock                    Conj/Air       #...         45%         1    ##.....
 Passwall                 Tmut/Erth      #.......     61%         2    ###....
 Sticks to Snakes         Tmut           #.......     61%         2    ###....
 Swiftness                Chrm/Air       #.......     61%         2    ###....
 Confuse                  Hex            #.......     65%         3    ####...
 Gell's Gravitas          Tloc           #.........   83%         3    ####...
 Spider Form              Tmut/Pois      #.........   83%         3    ####...
 Static Discharge         Conj/Air       #.......     83%         3    ####...
 Airstrike                Air            #.........   99%         4    #####..
 Ice Form                 Ice/Tmut       #.......     99%         4    #####..
 Passage of Golubria      Tloc           N/A          99%         4    #####..
 Petrify                  Tmut/Erth      #.......     99%         4    #####..
 Blade Hands              Tmut           #.........   100%        5    ######.
 Lee's Rapid Deconstruct  Erth           #.........   100%        5    ######.
 Lightning Bolt           Conj/Air       #.........   100%        5    ######.
 Metabolic Englaciation   Hex/Ice        #.........   100%        5    ######.
 Yara's Violent Unravell  Hex/Tmut       #.........   100%        5    ######.
 Darkness                 Hex            #.........   100%        6    #######
 Invisibility             Hex            #.......     100%        6    #######


Dungeon Overview and Level Annotations

Branches:
Dungeon (12/15)            Temple (0/1) D:6            Lair (0/6) D:11
    Orc: D:9-12

Altars:
Dithmenos
Elyvilon
Gozag
Okawaru
Ru
Trog
Zin
The Shining One

Annotations:
D:7 4 runed translucent doors


Innate Abilities, Weirdness & Mutations

You are too large for most types of armour.
You have claws for hands.
Your metabolism is lightning-fast.
You like to eat raw meat.
Your natural rate of healing is unusually fast.
You are covered in fur. (AC +1)
You have extremely tough skin. (AC +3)
You have a pair of small horns on your head.
Your flesh is cold resistant. (rC+)
Armour fits poorly on your strangely shaped body.


Message History

Something hits you. Something hits you but does no damage. Something bites you!
Huge Dmg: -13%(-13hp) hp: 46%(48hp)
You block something's attack. Something hits you! Something bites you!
* * * LOW HITPOINT WARNING * * *
Huge Dmg: -19%(-20hp) hp: 27%(28hp)
Okay, then.
As you read the scroll of teleportation, it crumbles to dust.
You feel strangely unstable. Something hits you!
* * * LOW HITPOINT WARNING * * *
The yak gores you.
* * * LOW HITPOINT WARNING * * *
Something hits you!
* * * LOW HITPOINT WARNING * * *
Something bites you.
* * * LOW HITPOINT WARNING * * *
Huge Dmg: -24%(-25hp) hp: 3%(3hp)
You feel better. Something hits you.
* * * LOW HITPOINT WARNING * * *
The yak gores you!
You die...

.#.....
.......
#...†########
#.(..'......#
#....#)..)..#
#....#.#<#..#
#....#Y#)#..#
#....#Y{.)..#
#....#@{....#
#....#......#
#....#......#
#......#
.........
.........
##...###.
....


You could see 2 yaks.

Vanquished Creatures
  Snorg (D:11)
  A death knight (D:11)
  4 two-headed ogres
  An unseen horror (D:9)
  2 cyclopes (D:11)
  An ugly thing (D:11)
  A freezing wraith (D:11)
  3 trolls
  5 hippogriffs
  3 wraiths (D:11)
  Sigmund (D:4)
  11 yaks
  A hungry ghost (D:10)
  A steam dragon (D:9)
  A basilisk (D:11)
  A vampire mosquito (D:11)
  Edmund (D:4)
  2 water moccasins
  3 porcupines (D:11)
  3 orc warriors
  4 black bears
  4 phantoms
  A sky beast (D:5)
  A necrophage (D:6)
  2 centaurs (D:9)
  8 ogres
  3 crocodiles (D:11)
  4 big kobolds
  9 bullfrogs
  Blork the orc (D:6)
  2 scorpions
  3 killer bees (D:10)
  7 wights
  2 howler monkeys
  8 crimson imps
  A quasit (D:11)
  2 jellies
  3 gnoll shamans (D:4)
  5 hounds
  2 bullfrog skeletons
  5 orc priests
  14 orc wizards
  4 centaur skeletons
  3 iguanas
  3 worker ants
  A hound zombie (D:5)
  A hound skeleton (D:4)
  3 worker ant zombies
  Robin (D:4)
  A howler monkey zombie (D:9)
  35 gnolls (D:4)
  9 adders
  6 shadow imps
  An adder skeleton (D:5)
  3 worms (D:2)
  2 dart slugs
  4 leopard geckos
  37 orcs
  5 bats
  2 giant cockroaches
  14 goblins
  4 hobgoblins
  18 jackals
  4 quokkas
  9 frilled lizards
  27 kobolds
  A leopard gecko zombie (D:5)
  7 rats
343 creatures vanquished.

Vanquished Creatures (others)
  A bush (D:11)
  4 fungi (D:11)
  12 plants (D:11)
17 creatures vanquished.

Grand Total: 360 creatures vanquished

Notes
Turn   | Place    | Note
-------+----------+-------------------------------------------
     0 | D:1      | Lexodia the Troll Fighter began the quest for the Orb.
     0 | D:1      | Reached XP level 1. HP: 22/22 MP: 0/0
   108 | D:1      | Reached XP level 2. HP: 29/29 MP: 1/1
   288 | D:1      | Reached skill level 1 in Throwing
   842 | D:2      | Reached XP level 3. HP: 29/36 MP: 2/2
   856 | D:3      | Found a shadowy altar of Dithmenos.
  1004 | D:4      | Noticed a scorpion
  1017 | D:4      | Killed a scorpion
  1017 | D:4      | Reached skill level 3 in Unarmed Combat
  1017 | D:4      | Reached XP level 4. HP: 30/44 MP: 3/3
  1133 | D:4      | Noticed an ogre
  1139 | D:4      | Huge Dmg: 13 dmg
  1143 | D:4      | Huge Dmg: 28 dmg
  1143 | D:4      | Killed an ogre
  1143 | D:4      | Reached XP level 5. HP: 4/50 MP: 4/4
  1287 | D:4      | Found a glowing silver altar of Zin.
  1288 | D:4      | Found a sacrificial altar of Ru.
  1371 | D:5      | Entered Level 5 of the Dungeon
  1508 | D:5      | Noticed a sky beast
  1518 | D:5      | Huge Dmg: 10 dmg
  1521 | D:5      | Huge Dmg: 10 dmg
  1521 | D:5      | Killed a sky beast
  1521 | D:5      | Reached skill level 4 in Unarmed Combat
  1521 | D:5      | Reached XP level 6. HP: 14/59 MP: 5/5
  1711 | D:5      | Huge Dmg: 12 dmg
  1727 | D:5      | Reached XP level 7. HP: 61/66 MP: 6/6
  1897 | D:5      | Reached skill level 5 in Unarmed Combat
  2679 | D:6      | Found an iron altar of Okawaru.
  2680 | D:6      | Found an opulent altar of Gozag.
  2680 | D:6      | Found a white marble altar of Elyvilon.
  2714 | D:6      | Became a worshipper of Warmaster Okawaru
  3596 | D:4      | Noticed Robin
  3623 | D:4      | Killed Robin
  3623 | D:4      | Reached skill level 5 in Shields
  3864 | D:4      | Noticed Edmund
  3874 | D:4      | Killed Edmund
  3874 | D:4      | Reached XP level 8. HP: 69/74 MP: 7/7
  4358 | D:4      | Noticed Sigmund
  4366 | D:4      | Huge Dmg: 31 dmg
  4380 | D:4      | Huge Dmg: 6 dmg
  4401 | D:4      | Reached skill level 6 in Unarmed Combat
  4411 | D:4      | Killed Sigmund
  4411 | D:4      | Reached skill level 5 in Throwing
  4411 | D:4      | Reached skill level 1 in Armour
  4438 | D:4      | Reached skill level 1 in Stealth
  4541 | D:4      | Reached * piety under Okawaru
  4692 | D:6      | Noticed Blork the orc
  4700 | D:6      | Killed Blork the orc
  4719 | D:6      | Huge Dmg: 11 dmg
  4743 | D:6      | Reached XP level 9. HP: 56/80 MP: 8/8
  4778 | D:6      | Found a staircase to the Ecumenical Temple.
  5267 | D:6      | Found a glowing golden altar of the Shining One.
  5606 | D:7      | Found a huge runed translucent gate.
  5606 | D:7      | Found a huge runed translucent gate.
  5606 | D:7      | Found a huge runed translucent gate.
  5606 | D:7      | Found a huge runed translucent gate.
  5606 | D:7      | Noticed a manticore
  5606 | D:7      | Noticed a polar bear
  5606 | D:7      | Noticed a polar bear
  5607 | D:7      | Noticed a polar bear
  5676 | D:7      | Reached skill level 7 in Unarmed Combat
  5789 | D:7      | Found a bloodstained altar of Trog.
  5900 | D:7      | Found a shadowy altar of Dithmenos.
  6054 | D:8      | Noticed a two-headed ogre
  6063 | D:8      | Huge Dmg: 33 dmg
  6066 | D:8      | Huge Dmg: 14 dmg
  6067 | D:8      | Killed a two-headed ogre
  6067 | D:8      | Reached ** piety under Okawaru
  6558 | D:8      | Reached *** piety under Okawaru
  6562 | D:8      | Reached skill level 8 in Unarmed Combat
  6579 | D:8      | Received a gift from Okawaru
  6629 | D:8      | Found a glowing golden altar of the Shining One.
  6998 | D:9      | Noticed a two-headed ogre
  7014 | D:9      | Huge Dmg: 16 dmg
  7015 | D:9      | Huge Dmg: 19 dmg
  7016 | D:9      | Killed a two-headed ogre
  7016 | D:9      | Reached XP level 10. HP: 33/88 MP: 9/9
  7116 | D:9      | Huge Dmg: 11 dmg
  7118 | D:9      | Received a gift from Okawaru
  7118 | D:9      | Reached **** piety under Okawaru
  7132 | D:9      | Noticed a two-headed ogre
  7138 | D:9      | Killed a two-headed ogre
  7138 | D:9      | Reached skill level 9 in Unarmed Combat
  7209 | D:9      | Huge Dmg: 41 dmg
  7253 | D:9      | Gained mutation: You are dopey. (Int -2) [potion of
                  | mutation]
  7253 | D:9      | Gained mutation: You are partially covered in molten
                  | scales. (AC +2) [potion of mutation]
  7253 | D:9      | Lost mutation: You are dopey. (Int -2) [potion of mutation]
  7254 | D:9      | Lost mutation: You are partially covered in molten scales.
                  | (AC +2) [potion of mutation]
  7254 | D:9      | Gained mutation: Your flesh is cold resistant. (rC+)
                  | [potion of mutation]
  7254 | D:9      | Gained mutation: You have a pair of small horns on your
                  | head. [potion of mutation]
  7395 | D:9      | Huge Dmg: 13 dmg
  7518 | D:9      | Huge Dmg: 21 dmg
  7600 | D:9      | Killed an unseen horror
  7600 | D:9      | Received a gift from Okawaru
  7906 | D:10     | Entered Level 10 of the Dungeon
  8162 | D:10     | Reached ***** piety under Okawaru
  8165 | D:10     | Learned a level 1 spell: Confusing Touch
  8232 | D:10     | Reached XP level 11. HP: 96/96 MP: 10/10
  8485 | D:11     | Received a gift from Okawaru
  8486 | D:11     | Got a transparent hat {god gift}
  8491 | D:11     | Reached skill level 10 in Unarmed Combat
  8491 | D:11     | Reached skill level 1 in Hexes
  8503 | D:11     | Identified the -2 hat of Gluttony {rElec rPois rC- rN+++}
                  | (Okawaru gifted it to you on level 11 of the Dungeon)
  8540 | D:11     | Huge Dmg: 25 dmg
  8602 | D:11     | Huge Dmg: 21 dmg
  8670 | D:11     | Huge Dmg: 37 dmg
  8787 | D:11     | Huge Dmg: 24 dmg
  8949 | D:11     | Noticed a cyan ugly thing
  8964 | D:11     | Killed a cyan ugly thing
  8969 | D:11     | Reached skill level 11 in Unarmed Combat
  8982 | D:11     | Found a staircase to the Lair.
  8983 | D:11     | Noticed a death knight
  8992 | D:11     | Huge Dmg: 25 dmg
  8996 | D:11     | Killed a death knight
  8996 | D:11     | Reached skill level 10 in Throwing
  9025 | D:11     | Huge Dmg: 19 dmg
  9109 | D:11     | Noticed Snorg
  9118 | D:11     | Killed Snorg
  9172 | D:11     | Found a white marble altar of Elyvilon.
  9180 | D:11     | Reached XP level 12. HP: 105/105 MP: 11/11
  9632 | D:12     | Noticed a two-headed ogre
  9643 | D:12     | Killed a two-headed ogre
  9643 | D:12     | Received a gift from Okawaru
  9646 | D:12     | Got an ancient robe {god gift}
  9657 | D:12     | Identified the +2 robe of Complete Protection {*Contam
                  | Str+4} (Okawaru gifted it to you on level 12 of the
                  | Dungeon)
  9663 | D:12     | Gained mutation: Armour fits poorly on your strangely
                  | shaped body. [mutagenic glow]
  9685 | D:12     | Huge Dmg: 16 dmg
  9688 | D:12     | Huge Dmg: 13 dmg
  9689 | D:12     | Huge Dmg: 20 dmg
  9689 | D:12     | HP: 3/105 [something (6)]
  9690 | D:12     | Huge Dmg: 25 dmg
  9690 | D:12     | Slain by a yak

Levels and vault maps discovered:
D:1:      lightli_arrival_maybe_door_vault, layout_loops_ring,
          chequers_serial_rivers_large_b
D:2:      layout_basic
D:3:      layout_rooms, first_ration, nrook_loot_triangle, lemuel_altar_in_water
D:4:      lemuel_castle_with_subvaults [lemuel_castle_interior_carwin_1],
          layout_loops_ring, gammafunk_temple_overflow_pools, uniq_edmund,
          uniq_sigmund, uniq_robin
D:5:      minmay_thinvault, layout_basic, minmay_fractal_squares_gapless_5
D:6:      layout_basic, chequers_temple_overflow_statue_of_worship,
          lemuel_coloured_pillars_altar, minmay_temple_entry_drinking_statues,
          roderic_serpentine_path, uniq_blork_the_orc
D:7:      lemuel_bear_cage, layout_basic, marbit_many_paths, grunt_ogre_cave,
          serial_park_tiny_1, hex_tiny, chequers_garden, grunt_dithmenos_shadows
D:8:      layout_gridville, tso_altar
D:9:      layout_loops_ring, billiards_dpeg
D:10:     layout_roguey
D:11:     minmay_tri_box, layout_loops_cross, minmay_lair_entry_grove,
          gauntlet_entry_generic, elyvilon_altar_5, uniq_snorg
D:12:     layout_basic, david_orc_5, ebering_ghost_rock_garden,
          minmay_guarded_unrand_finisher

Skill      XL: |  1  2  3  4  5  6  7  8  9 10 11 |
---------------+----------------------------------+-----
Throwing       | 1 2 3 4 5 7 8 10 | 10.5
Shields        | 3 4 5 6 7 8 9 |  9.0
Unarmed Combat | 3 4 5 6 8 9 11 | 11.6
Armour         | 1 2 |  2.0
Stealth        | 1 |  1.0
Fighting       | 3 |  3.3
Dodging        | 3 |  3.0
Hexes          | 1 |  1.4

Action                   |  1- 3 |  4- 6 |  7- 9 | 10-12 || total
-------------------------+-------+-------+-------+-------++-------
Melee: Unarmed           |    75 |    95 |   459 |   414 ||  1043
       Headbutt          |       |       |       |    71 ||    71
Throw: Stone             |       |     6 |    82 |     1 ||    89
       Javelin           |       |       |       |    25 ||    25
       Boomerang         |       |       |       |    30 ||    30
Invok: Heroism           |       |       |       |     1 ||     1
Evoke: Wand              |       |     2 |       |       ||     2
  Use: Scroll            |       |       |    18 |     7 ||    25
       Potion            |       |       |     1 |     3 ||     4
 Stab: Sleeping          |       |       |     1 |     1 ||     2
       Distracted        |       |       |       |     1 ||     1
  Eat: Chunk             |    12 |    10 |    46 |    32 ||   100
Armor: Robe              |    24 |    22 |    91 |     6 ||   143
       Troll leather arm |       |       |       |   105 ||   105
Dodge: Dodged            |    16 |    29 |   135 |   126 ||   306
Block: Shield            |    23 |    28 |   223 |   279 ||   553

Table legend:
 A = Non-vault XP
 B = Vault XP
 C = Vault XP percentage of total XP
 D = Non-vault monster count
 E = Vault monster count
 F = Vault count percentage of total count
                 A         B        C        D         E       F
            +---------+---------+-------+---------+---------+-------
      Total |   17917 |    6033 |  25.2 |     240 |     103 |  30.0
            +---------+---------+-------+---------+---------+-------
        D:1 |      28 |       0 |   0.0 |      17 |       0 |   0.0
        D:2 |      55 |       0 |   0.0 |      18 |       0 |   0.0
        D:3 |      35 |       0 |   0.0 |      15 |       0 |   0.0
        D:4 |     236 |    1178 |  83.3 |       6 |      67 |  91.8
        D:5 |     553 |     227 |  29.1 |      21 |      12 |  36.4
        D:6 |     532 |      87 |  14.1 |      14 |       1 |   6.7
        D:7 |     118 |     286 |  70.8 |       7 |       3 |  30.0
        D:8 |    2011 |       0 |   0.0 |      17 |       0 |   0.0
        D:9 |    4559 |      83 |   1.8 |      32 |       3 |   8.6
       D:10 |    1981 |       0 |   0.0 |      29 |       0 |   0.0
       D:11 |    6229 |    4172 |  40.1 |      56 |      17 |  23.3
       D:12 |    1580 |       0 |   0.0 |       8 |       0 |   0.0
            +---------+---------+-------+---------+---------+-------
